 Dungeon Crawl Stone Soup version 0.28.0 (webtiles) character file.

Game seed: 13076677148819997062

2998 BeingJoeMalik the Spear-Bearer (level 9, -8/74 HPs)
             Began as a Naga Fire Elementalist on Feb 16, 2022.
             Was a Priest of Okawaru.
             Mangled by a yak (15 damage)
             ... on level 7 of the Dungeon.
             The game lasted 00:33:13 (10343 turns).

BeingJoeMalik the Spear-Bearer (NaFE)              Turns: 10343, Time: 00:33:14

Health: -8/74      AC:  6    Str: 10    XL:     9   Next: 84%
Magic:  7/12       EV: 14    Int: 16    God:    Okawaru [***...]
Gold:   65         SH:  0    Dex: 16    Spells: 7/13 levels left

rFire   . . .      SeeInvis +   k - +0 trident
rCold   . . .      Faith    .   (no shield)
rNeg    . . .      Spirit   .   a - +0 robe
rPois   +          Reflect  .   (no helmet)
rElec   .          Harm     .   m - +0 cloak {Stlth+}
rCorr   .          Rampage  .   z - +0 pair of gloves
Will    +....                   (no barding)
Stlth   +++.......              y - amulet of magic regeneration
HPRegen 0.22/turn               A - +4 ring of evasion
MPRegen 0.53/turn               (no ring)

@: very slow
A: AC +3, large, see invisible, deformed body, poison resistance, slowness 2,
spit poison 1, naga tail 1
a: Spit Poison, Renounce Religion, Heroism


You were on level 7 of the Dungeon.
You worshipped Okawaru.
Okawaru was most pleased with you.
You visited 2 branches of the dungeon, and saw 9 of its levels.

You collected 340 gold pieces.
You spent 275 gold pieces at shops.

Inventory:

Hand Weapons
 k - a +0 trident (weapon)
 t - a +0 halberd
Missiles
 c - 6 boomerangs of dispersal
 f - 26 poisoned darts (quivered)
 x - a throwing net
Armour
 a - a +0 robe (worn)
 e - the +0 ring mail of the Morning Star {Fly}
   (You found it on level 3 of the Dungeon)

   Fly:       It grants you flight.
 m - a +0 cloak of stealth (worn)
 z - a +0 pair of gloves (worn)
Magical Staves
 g - a staff of poison
Jewellery
 r - an amulet of guardian spirit
 y - an amulet of magic regeneration (around neck)
 A - a +4 ring of evasion (left hand)
Wands
 n - a wand of iceblast (7)
 w - a wand of acid (11)
Scrolls
 h - 2 scrolls of amnesia
 i - a scroll of immolation {unknown}
 l - 3 scrolls of teleportation
 p - 4 scrolls of magic mapping
 q - 3 scrolls of identify
Potions
 b - a potion of brilliance
 d - a potion of flight
 j - a potion of cancellation
 o - 6 potions of curing
 s - a potion of mutation
 u - a potion of magic
 v - a potion of haste


   Skills:
 + Level 2.8 Fighting
 * Level 10.8 Polearms
 - Level 2.0 Dodging
 - Level 3.0 Stealth
 - Level 2.5 Spellcasting
 + Level 4.1 Conjurations
 + Level 6.0 Fire Magic


You had 7 spell levels left.
You knew the following spells:

 Your Spells              Type           Power      Damage    Failure   Level
a - Foxfire               Conj/Fire      72%        2x1d7     2%          1
b - Scorch                Fire           42%        2d7       2%          2
c - Conjure Flame         Conj/Fire      18%        6-21      8%          3

Your spell library contained the following spells:

 Spells                   Type           Power      Damage    Failure   Level
 Inner Flame              Hex/Fire       11%        N/A       17%         3
 Pain                     Necr           8%         1d4       21%         1
 Flame Wave               Conj/Fire      18%        2d6       24%         4
 Agony                    Necr           2%         N/A       99%         5
 Excruciating Wounds      Necr           1%         N/A       99%         5


Dungeon Overview and Level Annotations

Branches:
Dungeon (8/15)             Temple (1/1) D:4
   Lair: D:8-11

Altars:
Ashenzari
Cheibriados
Dithmenos
Elyvilon
Fedhas
Gozag
Kikubaaqudgha
Makhleb
Nemelex Xobeh
Okawaru
Qazlal
Ru
Sif Muna
Trog
Uskayaw
Vehumet
Wu Jian
Xom
Yredelemnul
Zin
The Shining One

Shops:
D:5 !   D:7 [

Annotations:
D:3 1 runed translucent door, Esekla's ghost, amateur FoEn
D:4 1 runed translucent door, Crazy Yiuf


Innate Abilities, Weirdness & Mutations

Your serpentine skin is tough. (AC +3)
You have supernaturally acute eyesight. (SInv)
Armour fits poorly on your strangely shaped body.
Your system is resistant to poisons. (rPois)
You cover ground very slowly.
You can spit poison.
You have a snake-like lower body.


Message History

Confirm with . or Enter, or press ? or * to list all spells.
Flames lash the yak.
The yak is lightly wounded.
The yak's fire resistance burns away.
The foxfire hits the yak!
The yak is burned terribly!
The yak is moderately wounded.
The yak closely misses you. The yak barely misses you.
The foxfire hits the yak but does no damage.
Unknown command.
You closely miss the yak.
The yak is moderately wounded.
The yak gores you.
Unknown command.
You hit the yak but do no damage.
The yak is moderately wounded.
The yak gores you.
Unknown command.
Casting: Scorch (safe; 2% risk of failure)
Confirm with . or Enter, or press ? or * to list all spells.
Flames lash the yak.
The yak is lightly wounded.
The yak's fire resistance burns away.
The yak is no longer more vulnerable to fire.
The yak barely misses you. The yak gores you!
Casting: Scorch (safe; 2% risk of failure)
Confirm with . or Enter, or press ? or * to list all spells.
Flames lash the yak.
The yak is lightly wounded.
The yak gores you. The yak gores you!
* * * LOW HITPOINT WARNING * * *
Unknown command.
Unknown command.
Casting: Scorch (safe; 2% risk of failure)
Confirm with . or Enter, or press ? or * to list all spells.
Flames lash the yak.
The yak is burned terribly!
The yak is heavily wounded.
The yak gores you!
* * * LOW HITPOINT WARNING * * *
The yak gores you!
You die...

######## #.##.#.#
###....#.# #........#
#.#.##.#.# #.#......#
####### #.#..#...#######
#.....# #.#..........†.#
###.....####.#.#@#.######.#
................YY>.....#.#
####.#######.#.#.#..###.#.#
...........#.#.#.#..# #.#.#
####.......#.#<#.#..###.#.#
#.......'.#.#........#.#
#.......##############.#
#.....)................#
#.#'#'#.#############..#


You could see 2 yaks.

Vanquished Creatures
  Grinder (D:4)
  Prince Ribbit (D:7)
  3 yaks (D:7)
  A water moccasin (D:6)
  An orc warrior (D:7)
  A sky beast (D:8)
  2 black bears
  2 ogres (D:4)
  3 necrophages
  2 centaurs
  A phantom (D:6)
  2 bullfrogs
  A water moccasin skeleton (D:5)
  3 howler monkeys (D:7)
  An electric eel (D:7)
  A hound (D:5)
  A jelly (D:6)
  A bullfrog zombie (D:5)
  2 centaur zombies
  2 orc priests
  2 iguanas
  A scorpion zombie (D:5)
  6 orc wizards
  2 hound skeletons (D:4)
  A mummy (D:6)
  A howler monkey skeleton (D:6)
  7 adders
  6 gnolls
  A shadow imp (D:6)
  2 white imps
  An ufetubus (D:5)
  An adder skeleton (D:4)
  A dart slug (D:3)
  15 orcs
  6 ball pythons
  5 bats
  5 endoplasms
  6 giant cockroaches
  5 goblins
  A hobgoblin (D:1)
  6 jackals (D:1)
  10 kobolds
  4 quokkas
  2 frilled lizards
  5 rats
134 creatures vanquished.

Vanquished Creatures (collateral kills)
  A foxfire (D:7)
1 creature vanquished.

Vanquished Creatures (others)
  352 foxfires
352 creatures vanquished.

Grand Total: 487 creatures vanquished

Notes
Turn   | Place    | Note
-------+----------+-------------------------------------------
     0 | D:1      | BeingJoeMalik the Naga Fire Elementalist began the quest
                  | for the Orb.
     0 | D:1      | Reached XP level 1. HP: 15/15 MP: 3/3
   251 | D:3      | Reached XP level 2. HP: 22/22 MP: 3/5
   255 | D:3      | Learned a level 2 spell: Scorch
   456 | D:3      | Identified the +0 ring mail of the Morning Star {Fly}
   573 | D:3      | Reached XP level 3. HP: 17/28 MP: 2/6
   758 | D:4      | Found a sacrificial altar of Ru.
   769 | D:4      | Reached XP level 4. HP: 34/36 MP: 4/7
  1083 | D:4      | Noticed an ogre
  1084 | D:4      | Reached skill level 5 in Fire Magic
  1103 | D:3      | Reached XP level 5. HP: 11/42 MP: 4/8
  1651 | D:4      | Found a staircase to the Ecumenical Temple.
  1660 | Temple   | Entered the Ecumenical Temple
  1727 | Temple   | Became a worshipper of Warmaster Okawaru
  1795 | D:1      | Learned a level 3 spell: Conjure Flame
  2476 | D:1      | Found a faded altar of an unknown god.
  2892 | D:2      | Identified the +0 ring mail of Forking Paths {Harm *Corrode
                  | Fly rC+++}
  3512 | D:2      | Found an ancient bone altar of Kikubaaqudgha.
  3764 | D:3      | Found a runed translucent door.
  3768 | D:3      | Noticed Esekla's ghost (amateur FoEn)
  3843 | D:3      | Reached XP level 6. HP: 49/49 MP: 5/9
  4276 | D:4      | Noticed Grinder
  4351 | D:5      | Entered Level 5 of the Dungeon
  4533 | D:5      | Noticed a necrophage
  4541 | D:5      | Killed a necrophage
  4542 | D:5      | Reached skill level 1 in Fighting
  4542 | D:5      | Reached skill level 1 in Polearms
  4632 | D:5      | Reached skill level 2 in Polearms
  4632 | D:5      | Reached XP level 7. HP: 57/57 MP: 4/10
  4908 | D:5      | Found a shadowy altar of Dithmenos.
  4935 | D:5      | Reached skill level 3 in Polearms
  4944 | D:5      | Found a basalt altar of Yredelemnul.
  5097 | D:5      | Found a shimmering blue altar of Sif Muna.
  5100 | D:5      | Found a broken altar of Ashenzari.
  5155 | D:5      | Found Uluem's Distillery.
  5161 | D:5      | Bought a potion of lignification for 33 gold pieces
  5673 | D:4      | Reached skill level 4 in Polearms
  5690 | D:4      | Killed Grinder
  5690 | D:4      | Reached * piety under Okawaru
  5691 | D:4      | Reached skill level 5 in Polearms
  5691 | D:4      | Reached XP level 8. HP: 65/67 MP: 1/11
  6054 | D:4      | Found a runed translucent door.
  6055 | D:4      | Noticed Crazy Yiuf
  6172 | D:4      | Reached skill level 6 in Polearms
  6522 | D:5      | Bought a potion of curing for 33 gold pieces
  6522 | D:5      | Bought a potion of haste for 110 gold pieces
  6522 | D:5      | Bought a potion of curing for 33 gold pieces
  6522 | D:5      | Bought a potion of curing for 33 gold pieces
  6522 | D:5      | Bought a potion of curing for 33 gold pieces
  6730 | D:6      | Reached skill level 7 in Polearms
  7042 | D:6      | Found a snail-covered altar of Cheibriados.
  7278 | D:6      | Found a sparkling altar of Nemelex Xobeh.
  7391 | D:6      | Reached ** piety under Okawaru
  7490 | D:6      | Reached skill level 8 in Polearms
  7835 | D:7      | Reached XP level 9. HP: 74/74 MP: 10/12
  7850 | D:7      | Found a white marble altar of Elyvilon.
  7975 | D:7      | Found Vezam's Antique Armour Shop.
  8023 | D:7      | HP: 3/74 [orc warrior (1)]
  8026 | D:7      | Reached skill level 9 in Polearms
  9048 | D:8      | Noticed Prince Ribbit
  9062 | D:7      | Killed Prince Ribbit
  9063 | D:7      | Reached skill level 10 in Polearms
  9484 | D:8      | Reached *** piety under Okawaru
 10048 | D:8      | Found a radiant altar of Vehumet.
 10343 | D:7      | Mangled by a yak

Illustrated notes

Levels and vault maps discovered:
D:1:      wheals_arrival_shading, layout_basic,
          hellmonk_ecumenical_altar_lost_god
D:2:      layout_rooms, basic_altar, minmay_statues_item
D:3:      layout_rooms, ebering_ghost_sewer_d, serial_curves, eino_curves_01,
          eino_curves_01, minmay_cut_off
D:4:      layout_rooms, nicolae_ru_great_annihilating_truth,
          minmay_temple_entry_glass, uniq_crazy_yiuf_cottage, uniq_grinder
D:5:      layout_basic, grunt_temple_overflow_open, serial_shops,
          nicolae_stop_n_shop_2
D:6:      layout_loops_ring, chei_slow_surprise, nemelex_diamond_rough_becter
D:7:      layout_basic, nicolae_elyvilon_temple_path, serial_shops,
          nicolae_shop_overgrown_old_shop, kennysheep_generic_room_3
D:8:      layout_cave_pools, nicolae_vehumet_altar_sigil,
          mainiacjoe_overflow_paths, serial_bayou_crossing, uniq_prince_ribbit1
Temple:   nicolae_temple_x_marks_the_god

Skill      XL: |  1  2  3  4  5  6  7  8  9 |
---------------+----------------------------+-----
Fire Magic     | 4 5 6 |  6.0
Conjurations   | 2 4 |  4.1
Fighting       | 1 2 |  2.8
Polearms       | 2 5 8 10 | 10.8
Dodging        | 2 |  2.0
Stealth        | |  3.0
Spellcasting   | |  2.5

Action                   |  1- 3 |  4- 6 |  7- 9 || total
-------------------------+-------+-------+-------++-------
Melee: Unarmed           |     6 |     3 |       ||     9
       Staff             |       |     6 |       ||     6
       Trident           |       |    38 |   158 ||   196
       Punch             |       |     1 |     3 ||     4
Throw: Dart              |       |       |     7 ||     7
 Cast: Foxfire           |    29 |    82 |   102 ||   213
       Scorch            |       |     4 |    43 ||    47
 Abil: Spit Poison       |     6 |    17 |    20 ||    43
  Use: Scroll            |       |    11 |     6 ||    17
       Potion            |       |       |     4 ||     4
 Stab: Sleeping          |       |     1 |     2 ||     3
Armor: Robe              |       |    18 |    40 ||    58
       Skin              |       |       |    51 ||    51
Dodge: Dodged            |     4 |    47 |   122 ||   173
